 Dungeon Crawl Stone Soup version 0.18.1-6-gd335043 (webtiles) character file.

86866 lightmor the Severer (level 15, -1/133 HPs)
             Began as a Minotaur Berserker on May 18, 2016.
             Was the Champion of Trog.
             Slain by an orc knight
             ... wielding a +0 bardiche
              (46 damage)
             ... on level 2 of the Orcish Mines.
             The game lasted 00:59:40 (21081 turns).

lightmor the Severer (Minotaur Berserker)          Turns: 21081, Time: 00:59:41

Health: -1/133     AC: 17    Str: 31    XL:     15   Next: 42%
Magic:  22/22      EV: 11    Int:  4    God:    Trog [******]
Gold:   1913       SH:  4    Dex:  9    Spells: 0 memorised, 14 levels left

rFire  . . .     SeeInvis .     a - +8 executioner's axe (freeze)
rCold  . . .     Gourm    .     K - +3 troll leather armour
rNeg   . . .     Faith    .     (shield currently unavailable)
rPois  +         Spirit   .     t - +1 hat
rElec  +         Dismiss  .     o - +2 cloak
rCorr  .         Reflect  +     G - +0 pair of gloves
SustAt .         Harm     .     h - +1 pair of boots
MR     ++...                    Q - +4 amulet of reflection
Stlth  ++........               l - ring of Kuorr {rElec MR+ Str+3 Dex-4 Slay+2}
                                V - ring of Egalitarianism {rPois Dex+3 Stlth+}

@: very resistant to hostile enchantments, unstealthy
A: retaliatory headbutt, horns 2, regeneration 1, wild magic 1, evolution 1
a: Berserk, Trog's Hand, Brothers in Arms, Burn Spellbooks, Renounce Religion


You were on level 2 of the Orcish Mines.
You worshipped Trog.
Trog was exalted by your worship.
You were hungry.

You visited 3 branches of the dungeon, and saw 22 of its levels.
You visited the Abyss 1 time.
You also visited: Labyrinth, Ice Cave and Volcano.

You collected 1913 gold pieces.

Inventory:

Hand Weapons
 a - a +8 executioner's axe of freezing (weapon)
 b - the +7 battleaxe of the Original Sin {drain, rPois SInv}
   (You found it in an ice cave)

   A truly terrible weapon, it drains the life of those it strikes.
   It protects you from poison.
   It lets you see invisible.
Armour
 h - a +1 pair of boots (worn)
 o - a +2 cloak (worn)
 t - a +1 hat (worn)
 G - a +0 pair of gloves (worn)
 K - a +3 troll leather armour (worn)
Jewellery
 g - an uncursed ring of protection from fire
 l - the ring of Kuorr (right hand) {rElec MR+ Str+3 Dex-4 Slay+2}
   (You found it on level 4 of the Lair of Beasts)

   [ring of protection from magic]

   It affects your strength (+3).
   It affects your dexterity (-4).
   It affects your accuracy and damage with ranged weapons and melee attacks
   (+2).
   It insulates you from electricity.
   It affects your resistance to hostile enchantments.
 A - an uncursed ring of positive energy
 J - an uncursed ring of protection from cold
 Q - a +4 amulet of reflection (around neck)
 V - the ring of Egalitarianism (left hand) {rPois Dex+3 Stlth+}
   (You found it on level 8 of the Lair of Beasts)

   [ring of stealth]

   It affects your dexterity (+3).
   It protects you from poison.
   It makes you more stealthy.
 X - an uncursed ring of sustain attributes
Wands
 i - a wand of teleportation (7/9)
 r - a wand of lightning (2/15)
 v - a wand of heal wounds (3/9)
 U - a wand of digging (17/24)
Scrolls
 d - 10 scrolls of teleportation
 q - 5 scrolls of remove curse
 s - a scroll of fear
 I - 2 scrolls of blinking
 S - a scroll of recharging
 T - 2 scrolls of fog
 Y - a scroll of brand weapon
Potions
 e - 2 potions of invisibility
 f - 3 potions of cancellation
 k - 3 potions of ambrosia
 m - 3 potions of cure mutation
 n - 8 potions of brilliance
 z - 3 potions of haste
 B - a potion of resistance {unknown}
 D - a potion of beneficial mutation
 F - 2 potions of agility {unknown}
 L - 2 potions of might
 M - a potion of flight {unknown}
 O - 3 potions of heal wounds
 P - 7 potions of curing
 Z - 5 potions of lignification
Miscellaneous
 x - a disc of storms
 y - an ornate deck of defence {drawn: 1}
 C - a stone of tremors
 H - a box of beasts {used: 3}
 R - a phial of floods
 W - a fan of gales
Comestibles
 c - 18 bread rations
 j - a slice of pizza
 p - 7 meat rations
 w - 5 beef jerkies
 E - 6 chunks of flesh
 N - 20 fruits


   Skills:
 - Level 12.2 Fighting
 * Level 19.5 Axes
 - Level 12.4 Armour
 - Level 12.2 Dodging
 + Level 11.4 Evocations


You had 14 spell levels left.
You didn't know any spells.

Dungeon Overview and Level Annotations

Branches:
Dungeon (12/15)            Temple (0/1) D:5            Lair (8/8) D:10
  Swamp (0/4) Lair:4        Snake (0/4) Lair:3        Slime (0/6) Lair:6
    Orc (2/2) D:12
    Elf: Orc:2

Altars:
Cheibriados
Gozag
Kikubaaqudgha
Makhleb
Pakellas
Qazlal
Ru
Sif Muna
Vehumet
Xom
Zin
Beogh

Shops:
D:11 :   Orc:2 (


Innate Abilities, Weirdness & Mutations

You reflexively headbutt those who attack you in melee.
You have a pair of horns on your head.
Your natural rate of healing is unusually fast.
Your spells are a little harder to cast, but a little more powerful.
You evolve.


Message History

There is a stone staircase leading up here.
You see here a bolt.
The orc knight roars a battlecry! x2; The orc warlord roars a battlecry!
The orc knight goes into a battle-frenzy!
The orc warlord shoots a bolt.
The bolt hits you!!
You see here a bolt.
An orc comes into view. It is wielding a hand axe of chopping.
The orc knight shouts!
The orc warrior shouts!
The orc warrior sings a few bars from the Orcish anthem.
The orc moves out of view.
The orc knight hits you with a bardiche!!!
The orc warrior throws a tomahawk.
The tomahawk hits you!
The orc wizard shouts!
You hear a shout! x3
An orc warrior comes into view. It is wielding a scimitar.
There is a stone staircase leading up, spattered with blood here.
Things that are here:
a tomahawk; a bolt The orc warlord shoots a bolt.
The bolt closely misses you.
The orc knight hits you with a bardiche!!!
You die...

P..............
P...#..#.....#..#
.............$..#
..P............#
...o.......#..##
.P.............#
.o.......(....#
....o.^..(....##
.....oo(@......#
........o......#
.......(........#
.PP.Oo.........#.
..o.P............
..Poo......#..#..
.oooo.P.......#..
...o4...........
.∩.......$......


You could see an orc warlord, 3 orc knights, a rust devil, an orc sorcerer, 8
orc warriors, an ogre, an orc wizard and an orc.

Vanquished Creatures
  Gastronok (Lair:2)
  A frost giant (IceCv)
  Snorg (Lair:3)
  A minotaur (Lab)
  3 hydras
  A catoblepas (Lair:8)
  The ghost of mistymad the Cleaver, a novice MiBe of Trog (D:8)
  16 death yaks
  A queen ant (Lair:2)
  A deep troll shaman (Lair:8)
  An orc high priest (Orc:1)
  Urug (D:12)
  Sonja (Lair:2)
  5 hill giants
  A lindwurm (Lair:8)
  The ghost of lightmor the Cleaver, a novice MiBe of Trog (D:6)
  An ugly thing (D:11)
  An orc sorcerer (Orc:1)
  2 manticores
  A cyclops (D:11)
  Maurice (D:12)
  22 elephants
  4 black mambas
  A smoke demon (Abyss:1)
  A torpor snail (Lair:5)
  An ice statue (IceCv)
  13 spiny frogs
  3 rime drakes
  6 komodo dragons
  3 trolls (D:10)
  16 polar bears
  8 blink frogs
  Grinder (D:6)
  A boulder beetle (Lair:6)
  A slime creature (Lair:6)
  A small abomination (Abyss:1)
  70 yaks
  Eustachio (D:6)
  A wyvern (Lair:5)
  3 basilisks
  14 hippogriffs
  A hungry ghost (Lab)
  Menkaure (D:6)
  A steam dragon (D:12)
  4 mottled dragons (Volcano)
  4 swamp worms (Lair:4)
  21 soldier ants
  A naga (Lair:3)
  A warg (Orc:1)
  7 porcupines
  3 sky beasts
  16 water moccasins
  10 orc warriors
  10 ice beasts
  2 black bears
  7 ogres
  6 necrophages
  2 phantoms (D:9)
  37 wolves
  6 centaurs
  23 crocodiles
  15 giant frogs
  An earth elemental (Lab)
  A scorpion (D:9)
  20 killer bees
  16 wights
  8 electric eels
  2 howler monkeys (D:6)
  3 jellies
  2 lava snakes (D:7)
  A centaur zombie (D:8)
  5 crimson imps
  2 giant frog zombies (D:9)
  2 giant frog skeletons
  Crazy Yiuf (D:7)
  12 hounds
  A centaur skeleton (D:4)
  10 orc priests
  19 orc wizards
  16 iguanas
  Natasha (thrice) (D:3)
  26 worker ants
  11 sheep
  A worker ant zombie (D:5)
  Robin (D:3)
  9 gnolls
  85 river rats
  15 adders
  2 shadow imps
  3 oozes
  6 worms
  4 dart slugs
  16 giant geckos
  45 orcs
  2 ball pythons
  4 giant cockroaches
  14 goblins
  13 hobgoblins
  22 jackals
  6 kobolds
  5 quokkas
  6 bats
  11 giant newts
  2 quokka skeletons
  7 rats
  A bush (Lair:8)
  12 fungi
  6 plants
852 creatures vanquished.

Vanquished Creatures (collateral kills)
  6 hydras
  3 black mambas
  2 spiny frogs
  2 komodo dragons (Lair:1)
  A basilisk (Lair:3)
  A hippogriff (Lair:1)
  2 porcupines
  A water moccasin (Lair:3)
  A giant frog (Lair:1)
  A jelly (Lair:6)
  An iguana (Lair:1)
  2 river rats (Lair:4)
  A giant gecko (Lair:1)
  3 giant newts (Lair:1)
27 creatures vanquished.

Vanquished Creatures (others)
  2 yaks
  A wolf (IceCv)
  A river rat (Lair:4)
  An adder (D:10)
  4 fungi
  A plant (Lair:3)
10 creatures vanquished.

Grand Total: 889 creatures vanquished

Notes
Turn   | Place    | Note
--------------------------------------------------------------
     0 | D:1      | lightmor the Minotaur Berserker began the quest for the Orb.
     0 | D:1      | Reached XP level 1. HP: 19/19 MP: 0/0
   122 | D:1      | Reached skill level 4 in Axes
   235 | D:1      | Reached XP level 2. HP: 25/26 MP: 1/1
   679 | D:2      | Reached skill level 5 in Axes
   841 | D:2      | Reached ** piety under Trog
   841 | D:2      | Reached XP level 3. HP: 31/31 MP: 2/2
  1505 | D:2      | Found a deep blue altar of Sif Muna.
  1505 | D:2      | Found a stormy altar of Qazlal.
  1506 | D:2      | Found a shimmering altar of Xom.
  1510 | D:2      | Reached XP level 4. HP: 38/39 MP: 3/3
  1585 | D:2      | Reached skill level 6 in Axes
  1938 | D:2      | Found an ancient bone altar of Kikubaaqudgha.
  2143 | D:3      | Noticed Robin
  2157 | D:3      | Killed Robin
  2387 | D:3      | Reached *** piety under Trog
  2444 | D:3      | Noticed Natasha
  2447 | D:3      | Killed Natasha
  2447 | D:3      | Reached skill level 7 in Axes
  2447 | D:3      | Reached XP level 5. HP: 45/45 MP: 4/4
  2540 | D:3      | Noticed Natasha
  2545 | D:3      | Killed Natasha
  2559 | D:3      | Noticed Natasha
  2571 | D:3      | Killed Natasha
  2640 | D:3      | Reached skill level 8 in Axes
  2950 | D:3      | Reached XP level 6. HP: 51/51 MP: 5/5
  3213 | D:3      | Found an oddly glowing altar of Pakellas.
  3213 | D:3      | Noticed an orange crystal statue
  3214 | D:3      | Noticed a yak
  3224 | D:3      | Killed a yak
  3312 | D:4      | Reached skill level 9 in Axes
  3358 | D:4      | Found a snail-covered altar of Cheibriados.
  3711 | D:4      | Reached XP level 7. HP: 27/57 MP: 6/6
  3774 | D:4      | Reached **** piety under Trog
  4091 | D:4      | Reached skill level 10 in Axes
  4293 | D:5      | Entered Level 5 of the Dungeon
  4690 | D:5      | Reached skill level 11 in Axes
  4767 | D:5      | Found a sacrificial altar of Ru.
  4944 | D:5      | Reached XP level 8. HP: 53/63 MP: 7/7
  5357 | D:5      | Found a staircase to the Ecumenical Temple.
  5577 | D:6      | Noticed lightmor's ghost (novice MiBe)
  5591 | D:6      | Killed lightmor's ghost
  5591 | D:6      | Reached skill level 12 in Axes
  5652 | D:6      | Reached skill level 13 in Axes
  5852 | D:6      | Noticed Eustachio
  5867 | D:6      | Killed Eustachio
  5867 | D:6      | Reached XP level 9. HP: 69/69 MP: 8/8
  5898 | D:6      | Noticed Grinder
  5910 | D:6      | Killed Grinder
  5910 | D:6      | Reached skill level 14 in Axes
  6010 | D:6      | Found a glowing silver altar of Zin.
  6152 | D:6      | Noticed Menkaure
  6162 | D:6      | Killed Menkaure
  6632 | D:7      | Got a twisted leather armour
  6643 | D:7      | Identified the +3 leather armour of Demons {Dex+3} (You found it on level 7 of the Dungeon)
  6724 | D:7      | Reached skill level 15 in Axes
  6740 | D:7      | Found a shimmering altar of Xom.
  6812 | D:7      | Found a shimmering altar of Xom.
  6814 | D:7      | Found a shimmering altar of Xom.
  6815 | D:7      | Found a shimmering altar of Xom.
  6829 | D:7      | Noticed Crazy Yiuf
  6835 | D:7      | Reached ***** piety under Trog
  6836 | D:7      | Killed Crazy Yiuf
  6918 | D:7      | Noticed a hill giant
  6931 | D:7      | Killed a hill giant
  6931 | D:7      | Reached skill level 5 in Fighting
  7350 | D:7      | Reached XP level 10. HP: 55/80 MP: 3/9
  7639 | D:8      | Reached skill level 5 in Armour
  7717 | D:8      | Noticed mistymad's ghost (novice MiBe)
  7731 | D:8      | Killed mistymad's ghost
  7731 | D:8      | Reached skill level 5 in Dodging
  8018 | D:8      | Found a burning altar of Makhleb.
  8018 | D:8      | Found an opulent altar of Gozag.
  9007 | D:10     | Entered Level 10 of the Dungeon
  9081 | D:10     | Noticed a hill giant
  9107 | D:10     | Killed a hill giant
  9132 | D:10     | Reached XP level 11. HP: 89/93 MP: 10/10
  9184 | D:10     | Noticed a hill giant
  9194 | D:10     | Killed a hill giant
  9216 | D:10     | Found a staircase to the Lair.
  9320 | D:10     | Noticed a hill giant
  9327 | D:10     | Killed a hill giant
  9460 | D:10     | Received a gift from Trog
 10027 | D:10     | HP: 4/96 [electric eel/bolt of electricity (12)]
 10111 | Lair:1   | Entered Level 1 of the Lair of Beasts
 10187 | Lair:1   | Noticed a seven-headed hydra
 10196 | Lair:1   | Killed a seven-headed hydra
 10211 | Lair:1   | Reached skill level 10 in Armour
 10248 | Lair:1   | Reached skill level 10 in Fighting
 10257 | Lair:1   | Noticed an eight-headed hydra
 10330 | Lair:1   | Killed a nine-headed hydra
 11073 | Lair:2   | Reached XP level 12. HP: 101/107 MP: 11/11
 11118 | Lair:2   | Found a frozen archway.
 11139 | IceCv    | Entered an ice cave
 11183 | IceCv    | Reached skill level 10 in Dodging
 11297 | IceCv    | Got a polished battleaxe
 11298 | IceCv    | Identified the +7 battleaxe of the Original Sin {drain, rPois SInv} (You found it in an ice cave)
 11402 | IceCv    | Reached ****** piety under Trog
 11426 | IceCv    | Got a polished leather armour
 11437 | IceCv    | Identified the +0 leather armour "Huor" {Dex+2} (You found it in an ice cave)
 11678 | IceCv    | Noticed a frost giant
 11690 | IceCv    | Killed a frost giant
 12063 | Lair:2   | Reached skill level 1 in Evocations
 12071 | Lair:2   | Noticed a queen ant
 12084 | Lair:2   | Received a gift from Trog
 12094 | Lair:2   | Killed a queen ant
 12117 | Lair:2   | Reached XP level 13. HP: 83/117 MP: 13/13
 12414 | Lair:2   | Noticed Sonja
 12415 | Lair:2   | Noticed Gastronok
 12426 | Lair:2   | Killed Gastronok
 12449 | Lair:2   | Gained mutation: You evolve. [potion of beneficial mutation]
 12450 | Lair:2   | Gained mutation: Your natural rate of healing is unusually fast. [potion of beneficial mutation]
 12451 | Lair:2   | Gained mutation: You are partially covered in icy blue scales (AC +1). [potion of beneficial mutation]
 12587 | Lair:2   | Cast into level 1 of the Abyss (Sonja)
 12587 | Abyss:1  | Found a corrupted altar of Lugonu.
 12628 | Abyss:1  | Lost mutation: You are partially covered in icy blue scales (AC +1). [evolution]
 12688 | Lair:2   | Escaped the Abyss
 12719 | Lair:2   | Killed Sonja
 13339 | Lair:3   | Received a gift from Trog
 13378 | Lair:3   | Reached skill level 5 in Evocations
 13473 | Lair:3   | Noticed Snorg
 13481 | Lair:3   | Killed Snorg
 13534 | Lair:3   | Found a staircase to the Snake Pit.
 13638 | Lair:3   | Gained mutation: Your spells are a little harder to cast, but a little more powerful. [evolution]
 14038 | Lair:4   | Reached skill level 16 in Axes
 14228 | Lair:4   | Got a slimy glass ring
 14230 | Lair:4   | Identified the ring of Kuorr {rElec MR+ Str+3 Dex-4 Slay+2} (You found it on level 4 of the Lair of Beasts)
 14729 | Lair:4   | Found a staircase to the Swamp.
 15043 | Lair:5   | Reached XP level 14. HP: 126/126 MP: 18/18
 15249 | Lair:5   | Reached skill level 17 in Axes
 15658 | Lair:6   | Received a gift from Trog
 15733 | Lair:6   | Found a staircase to the Slime Pits.
 16677 | Lair:7   | Found a labyrinth entrance.
 16687 | Lab      | Entered a labyrinth
 17801 | Lair:7   | Found a radiant altar of Vehumet.
 17920 | Lair:7   | Received a gift from Trog
 18078 | Lair:7   | Reached skill level 18 in Axes
 18427 | Lair:8   | Entered Level 8 of the Lair of Beasts
 18465 | Lair:8   | Found a dark tunnel.
 18477 | Volcano  | Entered a volcano
 18502 | Volcano  | Reached skill level 10 in Evocations
 18993 | Lair:8   | Received a gift from Trog
 19018 | Lair:8   | Reached XP level 15. HP: 115/133 MP: 21/21
 19135 | Lair:8   | Got a heavily runed amber ring
 19137 | Lair:8   | Identified the ring of Egalitarianism {rPois Dex+3 Stlth+} (You found it on level 8 of the Lair of Beasts)
 19552 | Lair:8   | Reached skill level 19 in Axes
 20067 | D:11     | Found Jaihosacs's Book Shoppe.
 20320 | D:11     | Received a gift from Trog
 20421 | D:12     | Noticed Urug
 20430 | D:12     | Killed Urug
 20495 | D:12     | Found a staircase to the Orcish Mines.
 20534 | D:12     | Noticed Maurice
 20541 | D:12     | Killed Maurice
 20756 | D:12     | Found a roughly hewn altar of Beogh.
 20874 | Orc:1    | Entered Level 1 of the Orcish Mines
 21071 | Orc:2    | Entered Level 2 of the Orcish Mines
 21071 | Orc:2    | Noticed an orc warlord
 21072 | Orc:2    | Found Petej's Antique Weapon Shoppe.
 21081 | Orc:2    | Slain by an orc knight

Skill      XL: |  1  2  3  4  5  6  7  8  9 10 11 12 13 14 15 |
---------------+----------------------------------------------+-----
Axes           | 4 5 7 8 9 11 13 15 16 18 19 | 19.5
Fighting       | 5 8 10 12 | 12.2
Armour         | 4 8 10 12 | 12.4
Dodging        | 4 7 9 11 12 | 12.2
Evocations     | 2 7 10 11 | 11.4

Action                   |  1- 3 |  4- 6 |  7- 9 | 10-12 | 13-15 || total
-------------------------+-------+-------+-------+-------+-------++-------
Melee: Hand axe          |    84 |   194 |   289 |   111 |       ||   678
       Headbutt          |    10 |    35 |    55 |    96 |   126 ||   322
       Battleaxe         |       |       |       |   252 |    23 ||   275
       War axe           |       |       |       |    12 |       ||    12
       Executioner's axe |       |       |       |   181 |   640 ||   821
Invok: Berserk           |       |     3 |     8 |     6 |     7 ||    24
       Trog's Hand       |       |     2 |     3 |     8 |     9 ||    22
       Brothers in Arms  |       |       |       |     2 |     2 ||     4
       Burn Spellbooks   |       |       |       |     2 |     3 ||     5
Evoke: Wand              |       |       |       |     1 |    17 ||    18
       Stone of tremors  |       |       |       |     1 |     2 ||     3
       Deck              |       |       |       |     1 |       ||     1
       Box of beasts     |       |       |       |       |     3 ||     3
       Phial of floods   |       |       |       |       |     2 ||     2
  Use: Scroll            |     1 |     3 |     7 |    14 |    17 ||    42
       Potion            |       |       |       |       |     7 ||     7
 Stab: Sleeping          |       |     1 |       |       |       ||     1
  Eat: Chunk             |     2 |    10 |    20 |    24 |    27 ||    83
       Pizza             |       |       |       |       |     4 ||     4
       Royal jelly       |       |       |       |       |     3 ||     3
Armor: Animal skin       |    15 |    37 |    42 |       |       ||    94
       Leather armour    |       |       |    16 |    36 |       ||    52
       Troll leather arm |       |       |       |   164 |   291 ||   455
Dodge: Dodged            |    54 |    88 |   153 |   417 |   561 ||  1273
Block: Other             |       |       |       |       |    17 ||    17
       Reflection        |       |       |       |       |     2 ||     2
